 Dungeon Crawl Stone Soup version 0.23.2 (webtiles) character file.

Game seed: 4901483728133017592

14 Borgoz the Sneak (level 2, -4/22 HPs)
             Began as a Ghoul Enchanter on Apr 4, 2019.
             Killed from afar by a dart slug (7 damage)
             ... with a slug dart
             ... on level 1 of the Dungeon.
             The game lasted 00:00:46 (666 turns).

Borgoz the Sneak (Ghoul Enchanter)                   Turns: 666, Time: 00:00:48

Health: -4/22      AC:  2    Str: 11      XL:     2   Next: 45%
Magic:  3/3        EV: 12    Int:  9 (10) God:
Gold:   13         SH:  0    Dex:  6 (9)  Spells: 3/4 levels left

rFire    . . .     SeeInvis .   a - +1 dagger
rCold    + . .     Gourm    .   (no shield)
rNeg     + + +     Faith    .   b - +0 robe
rPois    ∞         Spirit   .   (no helmet)
rElec    .         Reflect  .   (no cloak)
rCorr    .         Harm     .   (no gloves)
MR       .....                  (no boots)
Stlth    ++........             (no amulet)
HPRegen  0.00/turn              (no ring)
MPRegen  0.08/turn              (no ring)

@: rotting
A: rotting body, claws 1, carnivore, cold resistance 1, negative energy
resistance 3, inhibited regeneration, torment resistance, unbreathing
a: no special abilities


You were on level 1 of the Dungeon.
You were not hungry.

You visited 1 branch of the dungeon, and saw 1 of its levels.

You collected 13 gold pieces.

Inventory:

Hand Weapons
 a - a +1 dagger (weapon)
Armour
 b - a +0 robe (worn)
Scrolls
 c - a scroll of random uselessness {unknown}
 e - a scroll of noise {unknown}
 g - 2 scrolls of teleportation {unknown}
Comestibles
 d - 3 rations
 h - 3 chunks of flesh


   Skills:
 + Level 0.5 Fighting
 * Level 1.2 Short Blades
 * Level 0.7 Armour
 * Level 2.1 Dodging
 - Level 3.2 Stealth
 - Level 1.7 Spellcasting
 - Level 2.4 Hexes


You had 3 spell levels left.
You knew the following spells:

 Your Spells              Type           Power        Failure   Level  Hunger
a - Corona                Hex            #......      13%         1    ##.....

Your spell library contained the following spells:

 Spells                   Type           Power        Failure   Level  Hunger
 Ensorcelled Hibernation  Hex/Ice        #.....       32%         2    ###....
 Confuse                  Hex            #.......     36%         3    ####...
 Tukima's Dance           Hex            #.......     36%         3    ####...
 Dazzling Spray           Conj/Hex       #.....       54%         3    ####...


Dungeon Overview and Level Annotations

Branches:
Dungeon (1/15)

Altars:


Innate Abilities, Weirdness & Mutations

Your body is rotting away.
You thrive on raw meat.
You are immune to poison.
You have sharp fingernails.
You are carnivorous and can eat meat at any time.
Your flesh is cold resistant. (rC+)
You are immune to negative energy. (rN+++)
You do not regenerate when monsters are visible.
You are immune to unholy pain and torment.
You can survive without breathing.


Message History

You feel clumsy.
Your body decomposes!
You feel clumsy.
Your body decomposes!
You feel clumsy. The hobgoblin barely misses you.
You hit the hobgoblin.
You kill the hobgoblin!
The dart slug launches a dart at you. The slug dart misses you.
You see here a +0 club.
You see here a fizzy silvery potion.
f - a fizzy silvery potion It was a potion of lignification.
You feel woody for a moment.
You are too injured to fight recklessly!
The dart slug launches a dart at you. The slug dart misses you.
The dart slug launches a dart at you. The slug dart hits you!
You die...

######### ........# #####
.........# #...#
.........# #...##########
>......... +.............
.........# #...#######.#.
.........###......###....
.....w$.@.........+......
.........#####....###.#..
.........# #....###.##.
......)).# #.........#.
.........# #.........##
.........# #...........
.........# #.........##
.........# #.........#
.........# #.........#


You could see a dart slug.

Vanquished Creatures
  3 goblins (D:1)
  5 hobgoblins (D:1)
  2 bats (D:1)
  2 rats (D:1)
12 creatures vanquished.

Notes
Turn   | Place    | Note
-------+----------+-------------------------------------------
     0 | D:1      | Borgoz the Ghoul Enchanter began the quest for the Orb.
     0 | D:1      | Reached XP level 1. HP: 14/14 MP: 2/2
   156 | D:1      | Reached skill level 1 in Short Blades
   499 | D:1      | Reached XP level 2. HP: 14/20 MP: 3/3
   666 | D:1      | Killed from afar by a dart slug

Skill      XL: |  1 |
---------------+----+-----
Short Blades   | 1 |  1.2
Dodging        | 2 |  2.1
Fighting       | |  0.5
Armour         | |  0.7
Stealth        | |  3.2
Spellcasting   | |  1.7
Hexes          | |  2.4

Action                   || total
-------------------------++-------
Melee: Dagger            ||    53
  Use: Potion            ||     2
 Stab: Sleeping          ||     2
  Eat: Chunk             ||     2
Armor: Robe              ||     4
Dodge: Dodged            ||    29
